 Dungeon Crawl Stone Soup version 0.30.0-12-gd5a94ecb5d (webtiles) character file.

Game seed: 10725756735391141997

95 tuca1 the Covered (level 4, -5/40 HPs)
             Began as a Hill Orc Fighter on May 17, 2023.
             Succumbed to an orc's poison
             ... on level 3 of the Dungeon.
             The game lasted 00:07:37 (2196 turns).

tuca1 the Covered (Hill Orc Fighter)                Turns: 2196, Time: 00:07:38

Health: -5/40      AC:  7    Str: 20    XL:     4   Next: 66%
Magic:  4/4        EV:  9    Int:  8    God:
Gold:   186        SH:  4    Dex: 10    Spells: 3/3 levels left

rFire   . . .        a - +0 war axe
rCold   . . .        c - +0 buckler
rNeg    . . .        b - +0 scale mail
rPois   .            (no helmet)
rElec   .            (no cloak)
rCorr   .            (no gloves)
SInv    .            (no boots)
Will    .....        (no amulet) Stlth
                     (no ring)
HPRegen 0.26/turn    (no ring)
MPRegen 0.09/turn

%: no passive effects
@: brilliant, lethally poisoned (-5 -> -40)
A: no striking features
a: no special abilities


You were on level 3 of the Dungeon.
You visited 1 branch of the dungeon, and saw 3 of its levels.

You collected 186 gold pieces.

Inventory:

Hand Weapons
 a - a +0 war axe (weapon)
Missiles
 g - 6 poisoned darts (quivered)
Armour
 b - a +0 scale mail (worn)
 c - a +0 buckler (worn)
Magical Staves
 k - a staff of fire
Scrolls
 e - 2 scrolls of teleportation {unknown}
 f - 2 scrolls of poison {unknown}
 h - 4 scrolls of enchant weapon {unknown}
 l - 3 scrolls of fog {unknown}
Potions
 d - 2 potions of might


   Skills:
 + Level 4.1 Fighting
 + Level 4.1 Axes
 + Level 4.3 Armour
 + Level 0.2 Dodging
 + Level 3.8 Shields


You had 3 spell levels left.
You didn't know any spells.
Your spell library contained the following spells:

 Spells                   Type           Power      Damage    Failure   Level
 Gell's Gravitas          Tloc           0%         N/A       99%         3
 Teleport Other           Tloc           0%         N/A       99%         3
 Fireball                 Conj/Fire      0%         3d3       100%        5
 Iskenderun's Battlesphe  Conj           0%         2d6       100%        5
 Conjure Ball Lightning   Conj/Air       0%         3x3d6     100%        6
 Dispersal                Tloc           0%         N/A       100%        6
 Orb of Destruction       Conj           0%         9d5       100%        7


Dungeon Overview and Level Annotations

Branches:
Dungeon (3/15)

Altars:

Shops:
D:1 ([[(*


Message History

The orc barely misses you. The orc hits you but does no damage.
You hit the orc.
You kill the orc!
You closely miss the orc.
The orc hits you with a +1 hand axe of venom.
You are poisoned.
You barely miss the orc.
You feel very sick. You block the orc's attack.
The orc hits you but does no damage.
You barely miss the orc.
You feel sick. You block the orc's attack.
You barely miss the orc.
You feel sick.
The orc hits you with a +1 hand axe of venom.
You are more poisoned.
You hit the orc.
The orc is lightly wounded.
You feel very sick.
The orc hits you with a +1 hand axe of venom.
You are lethally poisoned!
The orc hits you but does no damage.
You are more poisoned.
It was a potion of heal wounds.
You feel much better.
You feel extremely sick. The orc hits you but does no damage.
You are lethally poisoned!
You barely miss the orc.
The orc is lightly wounded.
You feel extremely sick. The orc closely misses you.
The orc attacks as you move away! The orc hits you but does no damage.
You are more poisoned.
You feel extremely sick. The orc attacks as you move away!
The orc hits you with a +1 hand axe of venom.
* * * LOW HITPOINT WARNING * * *
You are more poisoned.
* * * LOW HITPOINT WARNING * * *
You feel extremely sick.
It was a potion of brilliance.
You feel clever all of a sudden.
You die...

#...# ##...## #...####
##.###.##
#####...##.###..# #..#
......†...#..#..###.##
.........###..........
..........#^.#.###.<##
#####...##.###......#
#...#### ####..##
#######@..# #.##
#...).o...# #.
#.#####...# #. #..##
#. ...# ##.## ... ....
##..


You could see an orc.

Vanquished Creatures
  Robin (D:2)
  4 adders
  A worm (D:2)
  A dart slug (D:1)
  An orc (D:3)
  3 endoplasms
  3 giant cockroaches (D:1)
  7 goblins
  5 hobgoblins
  2 jackals (D:3)
  2 quokkas (D:2)
  A ball python (D:2)
  2 bats (D:2)
  2 frilled lizards (D:2)
  6 kobolds
  2 rats
43 creatures vanquished.

Notes
Turn   | Place    | Note
-------+----------+-------------------------------------------
     0 | D:1      | tuca1 the Hill Orc Fighter began the quest for the Orb.
     0 | D:1      | Reached XP level 1. HP: 19/19 MP: 1/1
    39 | D:1      | Found a faded altar of an unknown god.
   248 | D:1      | Reached XP level 2. HP: 27/27 MP: 2/2
   252 | D:1      | Found Vauk's Antique Armour Boutique.
   407 | D:1      | Found Kojiug's Antique Armour Shoppe.
   441 | D:1      | Found Feemov's Weapon Shoppe.
   593 | D:1      | Found Puag Bek's Assorted Antiques.
   641 | D:1      | Found Logevown's Weapon Shoppe.
   976 | D:2      | Reached XP level 3. HP: 17/33 MP: 3/3
  1173 | D:2      | Noticed Robin
  1205 | D:2      | Killed Robin
  1282 | D:2      | Reached XP level 4. HP: 29/40 MP: 4/4
  2196 | D:3      | Succumbed to an orc's poison

Illustrated notes

Levels and vault maps discovered:
D:1:      psy_arrival_spokes, layout_basic, serial_shops, shop, shop,
          nicolae_shop_hallway_stairs, nicolae_shop_hallway_plus,
          nicolae_shop_real_fake_doors, shapermc_ecumenical_altar_acropolis,
          hangedman_decor_peaks_small, serial_bayou_lake_a
D:2:      layout_basic, chequers_garden, uniq_robin
D:3:      layout_loops_cross, uniq_grinder

Skill      XL: |  1  2  3  4 |
---------------+-------------+-----
Axes           | 3 4 |  4.1
Armour         | 4 |  4.3
Fighting       | 4 |  4.1
Dodging        | |  0.2
Shields        | |  3.8

Action                     |  1- 3 |  4- 6 || total
---------------------------+-------+-------++-------
  Melee: War axe           |    82 |    37 ||   119
    Use: Potion            |       |     2 ||     2
 Armour: Scale mail        |    38 |    17 ||    55
  Dodge: Dodged            |    34 |    14 ||    48
  Block: Buckler           |    14 |     4 ||    18
